 Dungeon Crawl Stone Soup version 0.32-a0-893-gf85d74f360 (webtiles) character file.

Game seed: 12169935733199815101

241 redmage the Slasher (level 6, 0/47 (48) HPs)
             Began as a Coglin Fighter on Apr 3, 2024.
             Slain by Crazy Yiuf
             ... wielding a +3 quarterstaff of chaos
              (9 damage)
             ... on level 2 of the Dungeon.
             The game lasted 00:05:09 (1797 turns).

redmage the Slasher (Coglin Fighter)                Turns: 1797, Time: 00:05:09

HP:   0/47 (48)     AC:  8    Str: 16    XL:     6   Next: 8%
MP:   6/6           EV:  8    Int:  7    God:
Gold: 71            SH:  0    Dex: 16    Spells: 5/5 levels left

rFire   . . .        a - +0 long sword {Qiang}
rCold   . . .        g - +0 hand axe {Gurmehar}
rNeg    . . .        b - +0 scale mail
rPois   .            m - +0 helmet
rElec   .            (no cloak)
rCorr   .            (no gloves)
SInv    .            (no boots)
Will    .....        (amulet unavailable) Stlth
                     (ring unavailable)
HPRegen 0.27/turn    (ring unavailable)
MPRegen 0.10/turn    (no gizmo)

%: no passive effects
@: weak-willed, fragile (+50% incoming damage), lightly drained, revving
A: off-hand wielding, slow wielding, warmup strikes, no jewellery
a: Invent Gizmo


You were on level 2 of the Dungeon.
You visited 1 branch of the dungeon, and saw 2 of its levels.

You collected 71 gold pieces.

Inventory:

Hand Weapons
 a - a +0 long sword (weapon) {Qiang}
 g - a +0 hand axe (offhand) {Gurmehar}
Armour
 b - a +0 scale mail (worn)
 m - a +0 helmet (worn)
Scrolls
 c - a scroll of fear {unknown}
 h - 2 scrolls of revelation {unknown}
 i - 3 scrolls of torment {unknown}
 k - a scroll of poison {unknown}
 l - 2 scrolls of enchant armour {unknown}
Potions
 d - a potion of might
 e - 3 potions of curing
 f - a potion of enlightenment {unknown}
 j - a potion of lignification {unknown}
 n - 2 potions of heal wounds {unknown}


   Skills:
 + Level 4.1 Fighting
 * Level 4.5 Long Blades
 + Level 3.7 Armour
 - Level 2.1 Shields


You had 5 spell levels left.
You didn't know any spells.
Your spell library was empty.

Dungeon Overview and Level Annotations

Branches:
Dungeon (2/15)

Altars:

Annotations:
D:2 Crazy Yiuf


Innate Abilities, Weirdness & Mutations

You can wield a second weapon in your off-hand.
It takes a long time for you to wield or remove held weapons.
Your first few attacks do less damage.
You cannot equip rings or amulets.


Message History

Crazy Yiuf hits you with a +3 quarterstaff of chaos.
Your willpower is stripped away!
You barely miss Crazy Yiuf with your +0 hand axe.
You completely miss Crazy Yiuf with your +0 long sword.
Crazy Yiuf hits you with a +3 quarterstaff of chaos.
You are slowing down.
Unknown command.
Unknown command.
Unknown command.
Unknown command.
You hit Crazy Yiuf with your +0 long sword.
Crazy Yiuf is lightly wounded.
You hit Crazy Yiuf with your +0 hand axe.
Crazy Yiuf screams, "Adder!
Defame eyeball light."
Crazy Yiuf completely misses you.
Crazy Yiuf hits you with a +3 quarterstaff of chaos.
Crazy Yiuf freezes you.
You have turned to stone.
Crazy Yiuf hits you with a +3 quarterstaff of chaos!
Crazy Yiuf freezes you.
Crazy Yiuf hits you with a +3 quarterstaff of chaos!
Your body becomes as fragile as glass!
Crazy Yiuf hits you but does no damage. x2
Crazy Yiuf whimpers, "Rot cower cower!"
Crazy Yiuf hits you with a +3 quarterstaff of chaos!
Crazy Yiuf freezes you.
Crazy Yiuf hits you with a +3 quarterstaff of chaos!
Crazy Yiuf burns you.
You turn to flesh and can move again.
Unknown command.
Unknown command.
It was a potion of curing.
You feel better.
Crazy Yiuf hits you with a +3 quarterstaff of chaos.
* * * LOW HITPOINT WARNING * * *
You feel drained.
* * * LOW HITPOINT WARNING * * *
You closely miss Crazy Yiuf with your +0 long sword.
Crazy Yiuf is moderately wounded.
You hit Crazy Yiuf with your +0 hand axe.
Crazy Yiuf hits you with a +3 quarterstaff of chaos.
You die...

######## ###
###.#..#.##
#...##..#......##
#...g@####......#
#)..### ##.#...#
### ####..# #.##
#.#######
#........
+........
######........
.~...~..~.####


You could see Crazy Yiuf.

Vanquished Creatures
  Sigmund (D:2)
  Robin (D:2)
  An adder (D:2)
  2 ribbon worms (D:2)
  2 dart slugs
  5 ball pythons
  An endoplasm (D:1)
  5 giant cockroaches
  12 goblins (D:2)
  11 hobgoblins
  3 quokkas
  2 bats
  6 frilled lizards
  2 kobolds (D:1)
  4 rats
58 creatures vanquished.

Notes
Turn   | Place    | Note
-------+----------+-------------------------------------------
     0 | D:1      | redmage the Coglin Fighter began the quest for the Orb.
     0 | D:1      | Reached XP level 1. HP: 18/18 MP: 1/1
   194 | D:1      | Reached XP level 2. HP: 24/24 MP: 2/2
   383 | D:1      | Found a faded altar of an unknown god.
   761 | D:1      | Reached XP level 3. HP: 26/29 MP: 3/3
  1065 | D:2      | Noticed Robin
  1100 | D:2      | Killed Robin
  1101 | D:2      | Reached XP level 4. HP: 33/35 MP: 4/4
  1161 | D:2      | Noticed Sigmund
  1168 | D:2      | Killed Sigmund
  1169 | D:2      | Reached XP level 5. HP: 36/42 MP: 5/5
  1228 | D:2      | Reached XP level 6. HP: 48/48 MP: 6/6
  1781 | D:2      | Found a runed translucent door.
  1782 | D:2      | Noticed Crazy Yiuf
  1797 | D:2      | Slain by Crazy Yiuf

Illustrated notes

Levels and vault maps discovered:
D:1:      ldierk_walled_garden_2, layout_loops_corners,
          shapermc_ecumenical_altar_flowoftime
D:2:      layout_basic, serial_rivers, chequers_serial_rivers_marsh,
          chequers_serial_rivers_room_b, chequers_serial_rivers_micro_e,
          chequers_serial_rivers_small_a, chequers_serial_rivers_small_3,
          chequers_serial_rivers_large_a, kennysheep_generic_room_11,
          uniq_robin, uniq_crazy_yiuf_cottage, uniq_sigmund

Skill      XL: |  1  2  3  4 |
---------------+-------------+-----
Armour         | 3 |  3.7
Long Blades    | 3 4 |  4.5
Fighting       | 4 |  4.1
Shields        | |  2.1

Action                     |  1- 3 |  4- 6 || total
---------------------------+-------+-------++-------
  Melee: Long sword        |    82 |    34 ||   116
         Hand axe          |    58 |    34 ||    92
    Use: Potion            |       |     1 ||     1
 Armour: Scale mail        |    63 |    36 ||    99
  Dodge: Dodged            |    55 |    20 ||    75
  Block: Buckler           |     5 |       ||     5

Table legend: (Time is in decaauts)
 A = Elapsed time spent in this place.
 B = Non-inter-level travel time spent in this place.
 C = Inter-level travel time spent in this place.
 D = Time resting spent in this place.
 E = Time spent auto-exploring this place.
 F = Levels seen in this place.
 G = Mean time per level.
                   A        B        C        D        E       F      G
               +--------+--------+--------+--------+--------+-----+--------+
         Total |   1847 |   1837 |     10 |      0 |   1489 |   2 |  923.5 |
       Dungeon |   1847 |   1837 |     10 |      0 |   1489 |   2 |  923.5 |
               +--------+--------+--------+--------+--------+-----+--------+

Top non-repeatable levels by time:
     D:1: 1042 daAuts
     D:2: 805 daAuts
